 Dungeon Crawl Stone Soup version 0.28-a0-793-g31680bbd8b (webtiles) character file.

Game seed: 13912856737621988018

12 flotson the Sneak (level 2, -2/24 HPs)
             Began as a Demonspawn Delver on Nov 5, 2021.
             Slain by an orc (7 damage)
             ... on level 3 of the Dungeon.
             The game lasted 00:02:10 (522 turns).

flotson the Sneak (Demonspawn Delver)                Turns: 522, Time: 00:02:10

Health: -2/24      AC:  3    Str: 12    XL:     2   Next: 20%
Magic:  2/2        EV: 12    Int: 11    God:
Gold:   3          SH:  0    Dex: 14    Spells: 1/1 levels left

rFire   . . .      SeeInvis .   a - +0 hand axe
rCold   . . .      Faith    .   (no shield)
rNeg    . . .      Spirit   .   b - +0 leather armour
rPois   .          Reflect  .   (no helmet)
rElec   .          Harm     .   (no cloak)
rCorr   .          Rampage  .   (no gloves)
Will    .....                   (no boots)
Stlth   ++........              (no amulet)
HPRegen 0.08/turn               (no ring)
MPRegen 0.08/turn               (no ring)

@: no status effects
A: foul stench 1
a: no special abilities


You were on level 3 of the Dungeon.
You visited 1 branch of the dungeon, and saw 3 of its levels.

You collected 3 gold pieces.

Inventory:

Hand Weapons
 a - a +0 hand axe (weapon)
Armour
 b - a +0 leather armour (worn)
Wands
 g - a wand of digging (2)
Scrolls
 c - a scroll of fog
 h - a scroll of holy word {unknown}
Potions
 d - a potion of mutation {unknown}


   Skills:
 + Level 3.2 Fighting
 - Level 1.7 Axes
 + Level 0.8 Armour
 + Level 2.1 Dodging
 - Level 4.5 Stealth


You had one spell level left.
You didn't know any spells.
Your spell library was empty.

Dungeon Overview and Level Annotations

Branches:
Dungeon (5/15)             Temple (0/1) D:5

Altars:


Innate Abilities, Weirdness & Mutations

You may rarely emit foul miasma when damaged in melee.


Message History

You closely miss the orc.
The orc is severely wounded.
The orc barely misses you.
You completely miss the orc.
The orc is severely wounded.
The orc hits you with a +0 falchion.
You hit the orc.
The orc is almost dead.
The orc hits you with a +0 falchion. The orc hits you with a +0 falchion.
Found 24 stones.
Found a scroll of magic mapping.
Found a scroll of fog.
Found 6 poisoned darts.
You see here 24 stones.
You see here a scroll of magic mapping.
As you read the scroll of magic mapping, it crumbles to dust.
You feel aware of your surroundings.
You sensed 1 altar.
There are no items here.
Aiming: Dig
Press: ? - help, Shift-Dir - straight line A rock wall.
The rock shatters into small pieces.
The orc misses you.
Found a stone staircase leading up.
Found a stone staircase leading up.
There is a stone staircase leading up here.
The orc hits you with a +0 falchion!
* * * LOW HITPOINT WARNING * * *
You climb upwards.
There is a stone staircase leading down here.
You hit the orc.
The orc is moderately wounded.
The orc barely misses you.
You hit the orc but do no damage.
The orc is moderately wounded.
The orc hits you but does no damage.
You hit the orc but do no damage.
The orc is moderately wounded.
The orc hits you with a +0 falchion!
You die...

##+##
##...##
##.....##
###.......##
+......@...#
#+....o....+
#.........#
##.......##
##.....##
##...##
##+##


You could see an orc.

Vanquished Creatures
  A hound skeleton (D:4)
1 creature vanquished.

Notes
Turn   | Place    | Note
-------+----------+-------------------------------------------
     0 | D:5      | flotson the Demonspawn Delver began the quest for the Orb.
     0 | D:5      | Reached XP level 1. HP: 18/18 MP: 1/1
    93 | D:5      | Noticed a hound
   170 | D:4      | Gained mutation: You may rarely emit foul miasma when
                  | damaged in melee. [demonic ancestry]
   170 | D:4      | Reached XP level 2. HP: 8/24 MP: 2/2
   522 | D:3      | Slain by an orc

Illustrated notes

Levels and vault maps discovered:
D:3:      layout_loops_corners, serial_shops, nicolae_shop_statue_plus,
          minmay_misc_feat_alley, chequers_arboretum, serial_bayou_crossing,
          uniq_robin
D:4:      layout_loops_ring, fedhas_altar_decomposition
D:5:      layout_loops_ring, minmay_temple_entry_mist, serial_shops, shop,
          minmay_misc_feat_more_columns, grunt_decor_fettered,
          patterned_corridor, uniq_crazy_yiuf_cottage

Skill      XL: |  1 |
---------------+----+-----
Dodging        | 2 |  2.1
Fighting       | |  3.2
Axes           | |  1.7
Armour         | |  0.8
Stealth        | |  4.5

Action                   || total
-------------------------++-------
Melee: Hand axe          ||    32
Evoke: Wand              ||     1
  Use: Scroll            ||     3
       Potion            ||     1
Armor: Leather armour    ||     4
Dodge: Dodged            ||    23

Table legend: (Time is in decaauts)
 A = Elapsed time spent in this place.
 B = Non-inter-level travel time spent in this place.
 C = Inter-level travel time spent in this place.
 D = Time resting spent in this place.
 E = Time spent auto-exploring this place.
 F = Levels seen in this place.
 G = Mean time per level.
                   A        B        C        D        E       F      G
               +--------+--------+--------+--------+--------+-----+--------+
         Total |    513 |    513 |      0 |      0 |    254 |   3 |  171.0 |
       Dungeon |    513 |    513 |      0 |      0 |    254 |   3 |  171.0 |
               +--------+--------+--------+--------+--------+-----+--------+

Top non-repeatable levels by time:
     D:4: 366 daAuts
     D:5: 143 daAuts
     D:3: 3 daAuts
